Map: Eternal Empire LE

Players

Constantine

  • Race: Terran Terran
  • League: Silver
  • Spawn Location: 1:00

ViBE - Winner!

  • Race: Terran Terran
  • League: Bronze
  • Spawn Location: 7:00

VOD

https://www.youtube.com/watch?v=kuS_PgtyAP8&list=PLFeZeom2b4DmHduNHeFj-6PfoasuSQn3P&index=2

Description

Time

  • Played on: Dec. 4, 2019, 5:29 p.m.
  • Length: 14:16
Show
View Real Time Build Order
Export as new Build Order

Constantine Terran 

Build Orders:  

Get SALT Encoding   

  12  0:01  SCV  
  13  0:13  SCV  
  14  0:19  Supply Depot  
  14  0:30  SCV  
  15  0:35  Refinery  
  15  0:42  SCV  
  16  0:52  Barracks  
  16  1:03  SCV  
  17  1:16  SCV  
  18  1:24  Supply Depot  
  18  1:29  SCV, Barracks  
  19  1:41  SCV  
  20  1:47  Marine, Factory  
  21  2:04  SCV  
  22  2:09  Refinery, Engineering Bay  
  22  2:13  Marine  
  23  2:16  SCV  
  23  2:18  Barracks Tech Lab  
  24  2:37  Bunker  
  24  2:38  Stimpack  
  24  2:43  Factory Tech Lab  
  24  3:00  Orbital Command  
  24  3:07  Supply Depot  
  24  3:10  Siege Tank  
  27  3:24  Barracks Reactor  
  27  3:26  Marine  
  28  3:35  SCV  
  29  3:44  Marine  
  29  3:47  Missile Turret  
  29  3:48  SCV  
  31  4:02  Marine  
  32  4:06  Starport  
  32  4:07  SCV  
  33  4:15  Command Center  
  33  4:19  SCV  
  33  4:20  Marine  
  33  4:23  Siege Tank  
  37  5:05  Liberator, Supply Depot  
  37  5:08  Combat Shield  
  37  5:22  Siege Tank  
  37  5:28  Supply Depot  
  43  5:34  SCV  
  44  5:37  Terran Infantry Weapons Level 1  
  44  5:47  Marine x3  
  47  6:02  Barracks  
  47  6:05  Medivac, Marine x3  
  52  6:19  SCV  
  52  6:22  Marine  
  52  6:23  Marine x2  
  56  6:25  Refinery  
  56  6:31  SCV  
  57  6:34  SCV  
  58  6:40  Marine x2  
  58  6:41  Marine  
  58  6:43  SCV  
  53  7:02  Marine x4  
  57  7:20  Marine x4  
  55  7:37  Marine x2  
  55  7:38  Marine x2  
  59  7:55  Marine x3  
  59  7:56  Marine  
  58  8:13  Marine x3  
  58  8:14  Marine  
  55  8:31  Marine x3  
  55  8:32  Marine, Liberator  
  51  8:49  Marine x4  
  51  8:54  Siege Tank  
  61  9:00  SCV  
  62  9:07  Marine x4  
  62  9:12  SCV  
  62  9:15  Liberator  
  63  9:24  Marine, SCV  
  63  9:25  Marine x3  
  63  9:27  Armory  
  68  9:36  SCV  
  72  9:40  Refinery  
  72  9:42  Marine x2  
  72  9:43  Marine x2  
  76  9:48  SCV  
  77  10:00  SCV  
  77  10:04  Supply Depot  
  77  10:05  Supply Depot  
  78  10:09  Siege Tank, Marine x4  
  78  10:12  SCV  
  86  10:26  Medivac  
  86  10:27  Marine x2, Supply Depot  
  90  10:29  Supply Depot  
  90  10:33  Orbital Command  
  90  10:45  Marauder  
  90  10:49  Terran Vehicle Weapons Level 1  
  92  10:51  Siege Tank  
  92  10:53  Terran Infantry Weapons Level 2  
  92  10:56  Medivac  
  97  11:07  Marauder  
  43  12:17  Marine x4  
  43  12:21  Siege Tank  
  50  12:32  Medivac  
  50  12:35  Marine x4  
  38  12:52  Marine  
  38  12:53  Siege Tank, Marine x3  
  24  13:11  Marine x2  
Show
View Real Time Build Order
Export as new Build Order

ViBE Terran - Winner!

Build Orders: 2 Factory, Mech 

Get SALT Encoding   

  12  0:01  SCV  
  13  0:13  SCV  
  14  0:21  Supply Depot  
  14  0:25  SCV  
  15  0:43  SCV  
  15  0:47  Barracks  
  16  0:55  SCV  
  17  1:02  Refinery  
  17  1:07  SCV  
  18  1:19  SCV  
  19  1:31  SCV  
  20  1:40  Command Center  
  20  1:45  Orbital Command  
  20  2:05  Supply Depot  
  20  2:10  Factory  
  20  2:16  SCV  
  21  2:28  SCV  
  22  2:41  SCV  
  23  2:53  SCV  
  24  2:58  Factory Tech Lab  
  24  3:04  Factory  
  24  3:05  SCV  
  24  3:07  Refinery  
  24  3:09  Orbital Command  
  25  3:17  SCV  
  26  3:30  SCV  
  27  3:42  SCV x2  
  29  3:51  Factory Reactor  
  29  3:54  Factory  
  29  4:03  SCV  
  29  4:05  SCV  
  31  4:15  Siege Tank, SCV  
  35  4:17  SCV  
  36  4:27  SCV  
  36  4:29  SCV  
  38  4:36  Hellion x2  
  42  4:39  SCV  
  42  4:41  SCV  
  42  4:42  Command Center  
  42  4:45  Factory Tech Lab  
  44  4:51  SCV  
  45  4:53  SCV  
  46  5:01  Supply Depot x2  
  46  5:22  SCV x2  
  48  5:33  Supply Depot x2  
  48  5:34  SCV x2  
  50  5:35  Supply Depot  
  50  5:46  Siege Tank, SCV x2  
  50  5:47  Hellion x2  
  59  5:50  Siege Tank  
  62  5:59  Orbital Command, SCV x2  
  62  6:02  Command Center  
  64  6:06  Armory  
  64  6:07  Armory  
  64  6:11  SCV x2  
  66  6:13  Refinery x2  
  66  6:15  Hellion x2  
  70  6:20  Orbital Command  
  70  6:26  SCV, Factory  
  70  6:27  Factory  
  70  6:30  SCV  
  72  6:38  SCV  
  73  6:42  Siege Tank, SCV  
  73  6:43  Hellion x2  
  73  6:44  Hellion  
  83  6:50  SCV  
  84  6:54  SCV  
  80  7:04  SCV x2  
  80  7:05  Thor  
  80  7:06  SCV  
  84  7:11  Factory Reactor  
  84  7:12  Factory Tech Lab  
  85  7:16  SCV x2, Hellion  
  85  7:18  SCV  
  85  7:19  SCV  
  85  7:26  Thor  
  85  7:28  SCV, Hellion  
  85  7:29  SCV  
  93  7:30  SCV  
  93  7:37  Command Center  
  93  7:40  SCV  
  93  7:41  SCV  
  93  7:42  SCV  
  89  7:49  Hellion x2  
  89  7:53  SCV  
  90  8:00  SCV x2  
  90  8:05  SCV  
  89  8:12  SCV  
  90  8:13  Thor, SCV  
  90  8:14  Hellion x3  
  90  8:15  Hellion x3  
  90  8:17  SCV  
  110  8:24  SCV  
  110  8:25  SCV  
  110  8:26  Supply Depot x2  
  105  8:28  Supply Depot  
  105  8:29  SCV  
  105  8:30  Supply Depot  
  105  8:33  Supply Depot  
  104  8:35  Supply Depot  
  104  8:36  Supply Depot  
  102  8:53  SCV  
  102  8:54  SCV x2  
  105  8:58  Terran Vehicle Weapons Level 1, Terran Vehicle And Ship Armor Level 1  
  105  9:05  SCV  
  105  9:06  SCV x2  
  105  9:07  Thor x2  
  105  9:09  Hellion x4  
  124  9:19  Thor  
  130  9:30  Hellion x2  
  130  9:31  Hellion x2  
  138  9:35  Refinery, SCV x3  
  138  9:36  Refinery  
  141  9:47  SCV x3  
  141  9:50  Thor x2  
  156  9:53  Command Center  
  156  10:31  Refinery  
  156  10:33  Refinery, Unknown  
  156  10:36  Orbital Command x2  
  156  10:40  Thor x2, Engineering Bay  
  156  10:41  Thor, Hellion  
  156  10:42  Hellion x3  
  182  10:58  Terran Vehicle Weapons Level 2, Terran Vehicle And Ship Armor Level 2  
  182  11:01  SCV x2  
  182  11:03  Hellion x4  
  180  11:23  Factory  
  180  11:24  Hellion x4  
  180  11:25  Factory  
  180  11:26  Factory  
  149  12:20  Thor x2  
  149  12:21  Thor  
  149  12:22  Factory Reactor, Factory Tech Lab x2  
  161  12:36  SCV  
  161  12:37  SCV x4  
  160  12:48  SCV, Orbital Command  
  160  12:49  SCV x4  
  159  12:52  Thor x2  
  159  12:53  Hellion x4  
  173  13:01  SCV x5  
  173  13:03  Thor  
  178  13:13  SCV  
  178  13:15  Thor x2  
  178  13:17  Hellion x4  
  199  13:20  SCV  
Tags
 
Composition
Mech
Matchup
TvT
Opening
2 Factory
Race
Terran
Spawn Locations
Cross Positions
Add a new tag
Caveats
  • Supply blocks, unpowered buildings, or Contaminate may cause inaccurate times.
  • Supply counts are checked every 10 seconds.